[Event "*** Titled Tuesday Blitz"]
[Site "Chess.com"]
[Date "2019.03.05"]
[Round "2"]
[White "PlotnikovPavel"]
[Black "Bauxi435"]
[Result "1-0"]
[WhiteElo "2370"]
[BlackElo "2418"]
[TimeControl "180+2"]
[EndTime "13:23:27 PST"]
[Termination "PlotnikovPavel won by resignation"]

1. d4 Nf6 2. Nf3 c5 3. c3 Qa5 4.
Nbd2 cxd4 5. cxd4 d5 6. e3 Nc6 7. Bd3 Bg4 8. O-O e6 9. h3 Bh5 10. a3 Be7 11. b4 Qb6 12. Nb3 O-O 13. Nc5 Rfc8 14. Bd2 a5 15. b5 Na7 16. Na4 Qd8 17. Qb3 Bxf3 18. gxf3 b6 19. Rac1 Rxc1 20. Rxc1 Rc8 21.
Rxc8 Nxc8 22. Bc1 Qc7 23. Qc3 Qxc3 24. Nxc3 Ne8 25. e4 dxe4 26. fxe4 Nc7 27. Kf1 f6 28. Ke2 Bd6 29. f4 h6 30. e5 Be7 31. Be4 Bd8 32.
Kd3 f5 33. Bc6 Bh4 34. Kc4 Ne7 35. Be3 Be1 36. d5 Bxc3 37. d6 Kf7 38. dxc7 Bb2 39.
Bxb6 Bxa3 40. Bc5 Bxc5 41. Kxc5 g5 42. b6 a4 43. Bxa4 gxf4 44. Bd1 1-0

[Event "*** Titled Tuesday Blitz"]
[Site "Chess.com"]
[Date "2019.03.05"]
[Round "2"]
[White "Cryptinz"]
[Black "Mikhail_Golubev"]
[Result "0-1"]
[WhiteElo "2344"]
[BlackElo "2459"]
[TimeControl "180+2"]
[EndTime "13:23:29 PST"]
[Termination "Mikhail_Golubev won by checkmate"]

1. d4 Nf6 2. c4 g6 3. Nc3 Bg7 4. e4 d6 5. f3 O-O 6. Nge2 a6 7. Be3 Nbd7 8. Qd2 b5 9. cxb5 axb5 10.
Nxb5 c6 11. Nbc3 e5 12. Ng3 d5 13. exd5 Nxd5 14. Nxd5 cxd5 15. Be2 f5 16. dxe5 Nxe5 17.
O-O Nc4 18. Bxc4 dxc4 19. Qc2 Qd3 20. Qxd3 cxd3 21. Bc5 Rd8 22. Ba3 d2 23. Rab1 Be6 24. Bb4 Bxa2 25. Rbd1 Bc4 26. Rf2 Ra1 27. Rxa1 d1=Q+ 28.
Rxd1 Rxd1+ 29. Nf1 Bd4 30. Bc3 Rxf1# 0-1

[Event "*** Titled Tuesday Blitz"]
[Site "Chess.com"]
[Date "2019.03.05"]
[Round "2"]
[White "bootstar"]
[Black "Salem-AR"]
[Result "1-0"]
[WhiteElo "2615"]
[BlackElo "2927"]
[TimeControl "180+2"]
[EndTime "13:23:31 PST"]
[Termination "bootstar won by resignation"]

1. e4 c5 2. Nf3 d6 3. d4 cxd4 4. Qxd4 Nf6 5. e5 Nc6 6. Bb5 Qa5+ 7. Nc3 Qxb5 8. Nxb5 Nxd4 9. Nfxd4 dxe5 10. Nc7+ Kd8 11. Nxa8 exd4 12. Bf4 Nd7 13. Bc7+ Ke8 14. Bg3 e5 15.
Nc7+ Kd8 16. Nd5 f6 17. f4 b6 18. fxe5 fxe5 19. Bh4+ Ke8 20. Nc7+ Kf7 21. O-O+ Nf6 22. Nd5 Be7 23. Rae1 Ba6 24. Rf2 Rc8 25. Nxe7 Kxe7 26. Rxe5+ Kd6 27. Bxf6 gxf6 28. Ref5 Re8 29. Rxf6+ Kc5 30.
h3 Re1+ 31. Kh2 Rb1 32. R6f5+ Kc4 33. c3 dxc3 34. bxc3 Kxc3 35. Rf7 Bd3 36. Rc7+ Kb4 37. Rxa7 b5 38. Rd7 Bg6 39. h4 Re1 40. Rd5 Kc4 41. Rg5 Re4 42. Kg3 Re3+ 43. Rf3 Re2 44. Rg4+ Kc5 45. h5 Bb1 46. a3 Re5 47. Kh4 Ba2 48. Rg5 1-0

[Event "*** Titled Tuesday Blitz"]
[Site "Chess.com"]
[Date "2019.03.05"]
[Round "2"]
[White "Ali_rastbod"]
[Black "jflup"]
[Result "0-1"]
[WhiteElo "2629"]
[BlackElo "2345"]
[TimeControl "180+2"]
[EndTime "13:23:31 PST"]
[Termination "jflup won by resignation"]

1. d4 Nf6 2. Bg5 Ne4 3. Bf4 e6 4. e3 d5 5. Bd3 Nf6 6. Nf3 c5 7. c3 Nc6 8. Nbd2 Bd6 9. Bg3 Bxg3 10. hxg3 Qd6 11. Bb5 Bd7 12. Bxc6 Bxc6 13. Ne5 Nd7 14. f4 Nxe5 15. fxe5 Qe7 16. Qh5 O-O-O 17. O-O-O f5 18. g4 Be8 19. Qh4 Qxh4 20. Rxh4 fxg4 21. Rf1 h5 22. Nb3 c4 23. Nc5 Rh6 24. b3 b6 25. Na6 cxb3 26. Rf2 bxa2 27. Rxa2 Bb5 28. Nb4 a5 29. Nc2 Bd3 30. Ne1 Be4 31. Rf2 g5 32. Rh1 h4 33. Rg1 h3 34. gxh3 gxh3 35. Rh2 Rg8 36.
Rg3 g4 37. Kd2 Rh7 38. Nd3 Bxd3 39. Kxd3 Kd7 40. e4 a4 41. exd5 exd5 42. c4 a3 43.
cxd5 Ra8 44. Rxg4 a2 0-1

[Event "*** Titled Tuesday Blitz"]
[Site "Chess.com"]
[Date "2019.03.05"]
[Round "2"]
[White "jbj"]
[Black "Genghis_K"]
[Result "0-1"]
[WhiteElo "2581"]
[BlackElo "2836"]
[TimeControl "180+2"]
[EndTime "13:23:34 PST"]
[Termination "Genghis_K won by checkmate"]

1. e4 c5 2. d4 cxd4 3. c3 Nf6 4. e5 Nd5 5. Nf3 d6 6. exd6 Qxd6 7. Na3 Nc6 8. Nb5 Qd8 9. Be2 e6 10. Nbxd4 Bd7 11.
O-O Be7 12. Nxc6 Bxc6 13. Ne5 Qc7 14. Nxc6 bxc6 15. Qa4 O-O 16. Qg4 Bf6 17. c4 Ne7 18. Bf4 Be5 19. Bxe5 Qxe5 20. b3 Nf5 21. Rfe1 Nd4 22.
Bd3 Qf6 23. Rad1 c5 24. Be4 Rad8 25. Rd3 g6 26. h4 Qg7 27. Qf4 f5 28. Bf3 e5 29.
Qxe5 Qxe5 30. Rxe5 Rc8 31. Re7 a5 32. Bd5+ Kh8 33.
h5 Rfe8 34. Rde3 Rxe7 35. Rxe7 gxh5 36. Kh2 Rb8 37. Rc7 a4 38. bxa4 Rb4 39. Rxc5 Rxa4 40.
Rc7 Rxa2 41. f3 Rc2 42. Kh3 Ne2 43. g3 h6 44. Kh4 Nc3 45. Be6 Rh2# 0-1

[Event "*** Titled Tuesday Blitz"]
[Site "Chess.com"]
[Date "2019.03.05"]
[Round "2"]
[White "INLOVEWITHF"]
[Black "Blitzstream"]
[Result "0-1"]
[WhiteElo "2295"]
[BlackElo "2559"]
[TimeControl "180+2"]
[EndTime "13:23:38 PST"]
[Termination "Blitzstream won by resignation"]

1. Nf3 d5 2. g3 Nf6 3. Bg2 c6 4. O-O Bf5 5. c4 e6 6. cxd5 cxd5 7. Qb3 Qb6 8. Qxb6 axb6 9. d4 Nc6 10. Nc3 Be7 11.
Bf4 O-O 12. h3 h6 13. Bc7 Ra6 14. e3 Rc8 15. Be5 Nd7 16. g4 Ndxe5 17. dxe5 Bg6 18. Rfc1 Nb4 19. a3 Nd3 20. Bf1 Nxc1 21. Rxc1 Ra5 22.
Nd4 Kf8 23. Ndb5 f6 24. exf6 gxf6 25. b4 Raa8 26. Rd1 Be8 27. Bg2 h5 28. e4 dxe4 29.
Bxe4 Rab8 30. a4 hxg4 31. hxg4 Bxb4 32. Ne2 Bxb5 33. axb5 Rd8 34. Rxd8+ Rxd8 35. Bxb7 Bc5 36. Kg2 Kf7 37. f4 Rd2 38. Kf3 Rd3+ 39. Kg2 Re3 40. Ng3 Rb3 41. Bc6 Bd6 42. Nf5 Rb2+ 43. Kf3 exf5 0-1

[Event "*** Titled Tuesday Blitz"]
[Site "Chess.com"]
[Date "2019.03.05"]
[Round "2"]
[White "plouarzel"]
[Black "KyronGriffith"]
[Result "0-1"]
[WhiteElo "2576"]
[BlackElo "2368"]
[TimeControl "180+2"]
[EndTime "13:23:40 PST"]
[Termination "KyronGriffith won by checkmate"]

1. e4 c5 2. Nf3 d6 3. Bb5+ Nd7 4. O-O Nf6 5. Re1 a6 6. Bf1 b6 7. c4 Bb7 8. d4 Nxe4 9. d5 Nef6 10. Bf4 Qc7 11. h3 h6 12. Nc3 g5 13. Bh2 Rg8 14.
Bd3 g4 15. hxg4 Nxg4 16. Bg3 Bg7 17. Qe2 Nde5 18. Nxe5 Bxe5 19. Bxe5 Nxe5 20. f4 Ng6 21. Qf2 O-O-O 22. a4 e5 23. Bxg6 Rxg6 24. fxe5 dxe5 25. Ne4 Rdg8 26. Qf5+ Kb8 27. Re2 Bc8 28. Qf1 f5 29.
Nc3 e4 30. a5 bxa5 31. Ra3 Ka7 32. b3 Rg3 33. Rea2 Rxc3 34. Rxa5 Rg6 35. Qa1 Rcg3 36. Qh8 f4 37. Qf8 f3 38. d6 Rxg2+ 39. Kh1 Rg1+ 40. Kh2 R6g2+ 41. Rxg2 Rxg2+ 42. Kh1 Qxa5 43. Qxc8 Qe1# 0-1

[Event "*** Titled Tuesday Blitz"]
[Site "Chess.com"]
[Date "2019.03.05"]
[Round "2"]
[White "Jabberwockiez"]
[Black "Ibraev_Vasilj"]
[Result "0-1"]
[WhiteElo "2226"]
[BlackElo "2153"]
[TimeControl "180+2"]
[EndTime "13:23:41 PST"]
[Termination "Ibraev_Vasilj won by resignation"]

1. e4 c5 2. Nc3 d6 3. Nf3 Nc6 4. d4 cxd4 5. Nxd4 Nf6 6. Bg5 e6 7. Qd2 a6 8. O-O-O Bd7 9. f3 Nxd4 10. Qxd4 Be7 11. Kb1 Bc6 12. g4 Qc7 13. Be3 O-O 14. h4 Nd7 15. g5 b5 16. h5 b4 17. Ne2 Rfc8 18. f4 Ba4 19. Rc1 Bxc2+ 20. Ka1 Qb7 21. Bg2 e5 22. Qd2 Bxe4 23. Bxe4 Qxe4 24. Ng3 Qb7 25. Nf5 Bf8 26. g6 hxg6 27. hxg6 fxg6 28. Nxd6 Rxc1+ 29. Rxc1 Bxd6 30. Qxd6 Nf6 31. fxe5 Nh5 32.
Qxg6 Qf7 33. Qe4 Re8 34. Bd4 Ng3 35. Qg4 Nf5 36. Rf1 Nh6 37. Rxf7 Nxg4 38. Rf4 Nxe5 39.
Re4 Rc8 40. a3 Nc6 41. Bc5 bxa3 42. Bxa3 Kf7 43. Ra4 a5 44. Rg4 Kf6 45. Bc5 g5 46.
Be3 Rg8 47. Rc4 Ne5 48. Ra4 g4 49. Rxa5 Nc4 50. Ra6+ Kf5 51. Bg1 g3 52. Rc6 Nd2 53.
Rc5+ Ke4 54. Ra5 Nb3+ 55. Ka2 Nxa5 56. b4 Nc4 57. Kb3 Nd2+ 58. Ka4 Nf3 59. Bc5 Nd4 60.
b5 Nxb5 61. Kxb5 g2 0-1

[Event "*** Titled Tuesday Blitz"]
[Site "Chess.com"]
[Date "2019.03.05"]
[Round "2"]
[White "Micki-taryan"]
[Black "Vlad_Lukiianchuk"]
[Result "1-0"]
[WhiteElo "2954"]
[BlackElo "2621"]
[TimeControl "180+2"]
[EndTime "13:23:43 PST"]
[Termination "Micki-taryan won by resignation"]

1. e4 e5 2. Nf3 Nc6 3. Bb5 a6 4.
Ba4 Nf6 5. d3 d6 6. c3 g6 7. O-O Bg7 8. h3 O-O 9. Be3 Nh5 10. Nbd2 Nf4 11. d4 Bd7 12. Bxf4 exf4 13. Re1 Re8 14. b4 h6 15. Bb3 g5 16. Nh2 Ne7 17. Qh5 Be6 18. Bxe6 fxe6 19. Ndf3 Kf8 20. h4 gxh4 21. Nxh4 Qd7 22. Ng4 Red8 23. Nxh6 Qe8 24. Qg5 e5 25. N4f5 Nxf5 26. Nxf5 Qf7 27. Rad1 Qf6 28. Qg4 Re8 29. Rd3 Kf7 30. dxe5 Rxe5 31. Rh3 Rae8 32. Rh7 Rxf5 33. Rxg7+ Qxg7 34. Qxf5+ Qf6 35. Qd5+ Kg7 36. Qxb7 Qxc3 37. Rf1 f3 38. Qxa6 Re5 39.
Qc8 Rg5 40. Qd7+ Kh8 41. Qd8+ Rg8 42. Qh4+ Kg7 43. Qg5+ Kf8 44. Qd8+ Kf7 45. Qd7+ Kf6 46. Qf5+ Ke7 47. g3 Rh8 48. e5 dxe5 49. Rd1 Rd8 50.
Qg5+ Ke6 51. Qxd8 e4 52. Qd5+ Kf6 53. Qxe4 1-0

[Event "*** Titled Tuesday Blitz"]
[Site "Chess.com"]
[Date "2019.03.05"]
[Round "2"]
[White "aa175"]
[Black "kinga2008"]
[Result "0-1"]
[WhiteElo "1861"]
[BlackElo "1858"]
[TimeControl "180+2"]
[EndTime "13:23:47 PST"]
[Termination "kinga2008 won by checkmate"]

1. a3 g6 2. Nf3 Bg7 3. d4 d6 4. Bf4 Nd7 5. e3 e5 6. dxe5 dxe5 7. Bg3 f5 8. Bc4 e4 9. Qd5 Qe7 10. Bxc7 Ngf6 11. Qd1 Qc5 12. Nfd2 Qxc7 13. Nc3 a6 14. Ba2 Ne5 15. O-O Neg4 16. f4 Nxe3 17. Qe2 Nxf1 18. Qxf1 Ng4 19. Nd5 Bd4+ 20. Kh1 Nf2+ 21.
Qxf2 Bxf2 22. Nxc7+ Kd8 23. Nxa8 b5 24. Rd1 Bd7 25.
Nf1 Kc8 26. Rd2 e3 27. Nb6+ Kb7 28. Rxd7+ Kxb6 29. Rd6+ Kc5 30. Re6 Rd8 31. b4+ Kd4 32. Ng3 Kc3 33. Rc6+ Kb2 34. Ne2 Rd1+ 35. Ng1 Rxg1# 0-1

[Event "*** Titled Tuesday Blitz"]
[Site "Chess.com"]
[Date "2019.03.05"]
[Round "2"]
[White "andrzej"]
[Black "AdrianaNikolova"]
[Result "0-1"]
[WhiteElo "2266"]
[BlackElo "2453"]
[TimeControl "180+2"]
[EndTime "13:23:49 PST"]
[Termination "AdrianaNikolova won by resignation"]

1. d4 d5 2. c4 c6 3. cxd5 cxd5 4.
Bf4 Nf6 5. e3 Nc6 6. Nc3 a6 7.
Bd3 Bg4 8. Nge2 e6 9. Rc1 Bd6 10. f3 Bh5 11. O-O O-O 12. Bxd6 Qxd6 13. Nf4 Bg6 14.
Bxg6 hxg6 15. Nd3 b5 16. Ne2 Na5 17. b3 Rac8 18. Qd2 Nc6 19. Nc5 Ne7 20. Nf4 g5 21.
Nfd3 Nd7 22. Nxd7 Qxd7 23. Nc5 Qa7 24. Qa5 Rc6 25. Rc2 Rfc8 26. Rfc1 e5 27. Kh1 exd4 28. exd4 Nf5 29. Qd2 f6 30. Qd3 Nd6 31. h3 b4 32.
Nxa6 Rxc2 33. Rxc2 Rxc2 34. Nxb4 Rc1+ 35. Kh2 Qe7 36.
Nxd5 Qe1 37. Qg6 Qg1+ 38. Kg3 Qxd4 39. Ne7+ Kf8 0-1

[Event "*** Titled Tuesday Blitz"]
[Site "Chess.com"]
[Date "2019.03.05"]
[Round "2"]
[White "Orest_Vovk"]
[Black "Sajkochess"]
[Result "0-1"]
[WhiteElo "2140"]
[BlackElo "2232"]
[TimeControl "180+2"]
[EndTime "13:23:49 PST"]
[Termination "Sajkochess won on time"]

1. e4 c6 2. Nc3 d5 3. Qe2 d4 4.
Nd1 e5 5. g3 Be6 6. d3 Bd6 7.
Bg2 Ne7 8. f4 f6 9. Nf3 O-O 10.
Nf2 Nd7 11. f5 Bf7 12. g4 c5 13. b3 b5 14. h4 c4 15. g5 Bb4+ 16. Kf1 Bh5 17. dxc4 Rc8 18. cxb5 Qc7 19. Nd3 Bd6 20. Nde1 Bb4 21. Bd2 Bxd2 22. Qxd2 Nc5 23. Qe2 Qb7 24. Qc4+ Bf7 25. Qe2 Nxe4 26. Nd2 Nxd2+ 27. Qxd2 Bd5 28. a4 Nxf5 29. Kg1 Ne3 30. Bxd5+ Qxd5 31. c4 Qe4 32.
Ng2 Rfd8 33. Re1 f5 34. Nxe3 dxe3 35. Qxe3 Qg4+ 36. Kf1 e4 37. Kf2 Rd3 0-1

[Event "*** Titled Tuesday Blitz"]
[Site "Chess.com"]
[Date "2019.03.05"]
[Round "2"]
[White "Fy_Rakotomaharo"]
[Black "Hikaru"]
[Result "0-1"]
[WhiteElo "2616"]
[BlackElo "3143"]
[TimeControl "180+2"]
[EndTime "13:23:50 PST"]
[Termination "Hikaru won by resignation"]

1. d4 Nf6 2. c4 e6 3. Nc3 Bb4 4. e3 O-O 5. Ne2 c6 6. a3 Ba5 7. Qc2 d5 8. Ng3 dxc4 9. Bxc4 Nbd7 10. O-O e5 11. Ba2 Re8 12. Bd2 Bc7 13. Rad1 exd4 14.
exd4 Nb6 15. Bb1 Qd6 16. Bg5 g6 17. Rfe1 Bf5 18. Qc1 Bxb1 19. Qxb1 Nbd5 20. Nce4 Nxe4 21. Rxe4 f5 22. Rxe8+ Rxe8 23. Re1 Re6 24. h4 Bb6 25.
Qd1 Kf7 26. Rxe6 Qxe6 27. h5 f4 28. Nf1 Qf5 29. hxg6+ hxg6 30. Bh4 Kg7 31. f3 Nc7 32. Bf2 Ne6 33. Qe2 Nxd4 34. Qe7+ Qf7 35. Qxf7+ Kxf7 36. Kh1 Nb3 37. Bxb6 axb6 38. g3 fxg3 39. Nxg3 Nd2 40. Kg2 Nc4 41. Ne4 Ke7 42. Kg3 Nxb2 43. Kg4 Nc4 44. a4 Nd6 45. Nc3 Kf6 46. f4 b5 47.
axb5 Nxb5 48. Ne4+ Kg7 49. Nc5 Nd6 50. Kf3 Kf6 51.
Kg4 b5 52. Nd7+ Ke6 53. Ne5 Kd5 54. Nxg6 b4 55. Ne5 b3 56. Nd3 Kd4 57. Nb2 Nc4 58. Na4 b2 59. Nxb2 Nxb2 60. f5 Nd3 61. f6 Ne5+ 62. Kf5 c5 0-1

[Event "*** Titled Tuesday Blitz"]
[Site "Chess.com"]
[Date "2019.03.05"]
[Round "2"]
[White "BASSU1"]
[Black "HrvojeZagreb"]
[Result "1-0"]
[WhiteElo "2073"]
[BlackElo "2110"]
[TimeControl "180+2"]
[EndTime "13:23:51 PST"]
[Termination "BASSU1 won by resignation"]

1. e4 e6 2. d4 d5 3. Bd3 dxe4 4. Bxe4 Nd7 5. Ne2 Ngf6 6. Bf3 c5 7. O-O cxd4 8.
Nxd4 Ne5 9. Be3 Nxf3+ 10. Qxf3 Be7 11. Nc3 O-O 12. Rad1 Qa5 13. Nb3 Qf5 14. Qxf5 exf5 15. Bc5 Bxc5 16. Nxc5 b6 17. Nb3 Ba6 18. Rfe1 Rfe8 19.
f3 Kf8 20. Kf2 Rxe1 21. Rxe1 Rd8 22. Rd1 Rxd1 23. Nxd1 Nd5 24. Nd4 Bc8 25. Ne3 Nxe3 26. Kxe3 g5 27. f4 f6 28. Nf3 Bb7 29. fxg5 Bxf3 30.
gxf3 fxg5 31. Kd4 Kf7 32. Ke5 Kg6 33. c4 h5 34. b4 h4 35. c5 g4 36. fxg4 fxg4 37.
c6 g3 38. c7 gxh2 39. c8=Q h1=Q 40. Qf5+ Kg7 41. Qf6+ Kh7 42. Qf7+ Kh6 43. Qf8+ Kh7 44.
Qf7+ Kh6 45. Qxa7 Qh2+ 46. Kf5 Qf2+ 47. Ke6 h3 48. Qb8 Qxa2+ 49. Kf5 Qf2+ 50. Ke6 h2 51.
Qe5 Qa2+ 52. Ke7 Qg2 53. Qh8+ Kg5 54. Qg8+ Kh4 55. Qxg2 1-0

[Event "*** Titled Tuesday Blitz"]
[Site "Chess.com"]
[Date "2019.03.05"]
[Round "2"]
[White "quesfr"]
[Black "payto1"]
[Result "1-0"]
[WhiteElo "2229"]
[BlackElo "2096"]
[TimeControl "180+2"]
[EndTime "13:23:51 PST"]
[Termination "quesfr won by checkmate"]

1. e4 e6 2. d4 d5 3. Nc3 Nf6 4. exd5 exd5 5. Bg5 Be7 6. Qd2 O-O 7. O-O-O Bf5 8.
Bd3 Bxd3 9. Qxd3 Nbd7 10. Nge2 c6 11. Ng3 h6 12. Bf4 Re8 13. Nf5 Bf8 14. f3 Nh5 15.
Bd2 Qc7 16. Ne2 Nb6 17. g4 Nf6 18.
Bf4 Qd8 19. g5 Nh5 20. gxh6 Nxf4 21. Nxf4 Qg5 22. hxg7 Qxf4+ 23. Kb1 Be7 24. h4 Bf6 25. h5 Bxg7 26. Rhg1 Nc4 27. Rxg7+ Kh8 28. Rg4 Nd2+ 29. Ka1 Qxf3 30. Qxd2 Qxg4 31. Nd6 Re7 32. Rf1 Qg5 33. Qxg5 Re1+ 34. Rxe1 Rg8 35. Qh6# 1-0

[Event "*** Titled Tuesday Blitz"]
[Site "Chess.com"]
[Date "2019.03.05"]
[Round "2"]
[White "Walter_White_Poland"]
[Black "vgyogi"]
[Result "1-0"]
[WhiteElo "2212"]
[BlackElo "2084"]
[TimeControl "180+2"]
[EndTime "13:23:51 PST"]
[Termination "Walter_White_Poland won by resignation"]

1. e4 d6 2. d4 Nf6 3. Nc3 Nbd7 4. f4 e5 5. Nf3 exd4 6. Qxd4 Be7 7. Bd2 O-O 8.
O-O-O c6 9. g4 Qb6 10. g5 Ng4 11. Rg1 Nf2 12. Re1 Nc5 13. Kb1 Nh3 14. Rg3 Nxf4 15. Bxf4 Ne6 16. Qxb6 axb6 17. Be3 b5 18. Nd4 b4 19.
Nd1 Nc5 20. Bd3 Re8 21. Nf2 Bf8 22. Rd1 d5 23. exd5 cxd5 24. Nb3 Ne6 25. h4 Bd7 26.
Ng4 Bd6 27. Rgg1 Bc6 28. Nd4 Be5 29. Nxe6 Rxe6 30. Nxe5 Rxe5 31. Bd4 Ree8 32. Rde1 Bd7 33. Bc5 Be6 34. Bxb4 Rac8 35. b3 Red8 36. Bd2 d4 37.
Re5 Rd5 38. Rxd5 Bxd5 39. Re1 Be6 40. Kb2 Rc5 41. a4 1-0

[Event "*** Titled Tuesday Blitz"]
[Site "Chess.com"]
[Date "2019.03.05"]
[Round "2"]
[White "Muguet7"]
[Black "Pudor"]
[Result "1-0"]
[WhiteElo "2434"]
[BlackElo "2263"]
[TimeControl "180+2"]
[EndTime "13:23:52 PST"]
[Termination "Muguet7 won by resignation"]

1. d4 d5 2. c4 e6 3. Nf3 a6 4.
cxd5 exd5 5. Nc3 h6 6. Bf4 Nf6 7. e3 Bd6 8. Bd3 Bxf4 9. exf4 O-O 10. O-O Nbd7 11. Ne5 c5 12. Bc2 c4 13. Qf3 Qa5 14.
Rfe1 Rd8 15. h3 Nf8 16. g4 Ne6 17. Qe3 Qb6 18. f5 Nxd4 19. Rad1 Qxb2 20. Rxd4 Qxc2 21.
Re2 Bxf5 22. Rxc2 Bxc2 23. Qd2 Re8 24. f4 Be4 25. Nxe4 Nxe4 26. Qb4 Rac8 27. Qxb7 c3 28. Qxf7+ Kh7 29. Qxd5 c2 30. Qxe4+ Kg8 31. Qd5+ Kh7 32. Rc4 c1=Q+ 33. Rxc1 Rxc1+ 34. Kg2 Rec8 35. Qe4+ Kg8 36. g5 R1c2+ 37. Kg3 h5 38. g6 R2c3+ 39. Kh4 R3c5 40. Qf5 Rf8 41. Qe6+ Kh8 42. Nf7+ 1-0

[Event "*** Titled Tuesday Blitz"]
[Site "Chess.com"]
[Date "2019.03.05"]
[Round "2"]
[White "SARGISMV"]
[Black "LearningChess2019"]
[Result "1-0"]
[WhiteElo "2433"]
[BlackElo "2355"]
[TimeControl "180+2"]
[EndTime "13:23:52 PST"]
[Termination "SARGISMV won by resignation"]

1. Nf3 Nf6 2. c4 e6 3. Nc3 d5 4.
d4 a6 5. Bg5 dxc4 6. e4 b5 7.
e5 h6 8. Bh4 g5 9. Nxg5 hxg5 10.
Bxg5 Be7 11. exf6 Bb4 12. Qf3 c6 13. Rd1 Qd5 14. Qg3 Rg8 15. h4 Nd7 16. Qe3 Nb6 17.
Be2 Bxc3+ 18. bxc3 Qd7 19. Qe5 Nd5 20. Rh3 Bb7 21.
h5 O-O-O 22. h6 Rh8 23. f4 Nb6 24. Bf3 Na4 25. Be4 Nb2 26. Rb1 Na4 27. h7 c5 28.
d5 Bxd5 29. Rd1 Qc6 30. Bc2 Bxg2 31. Rxd8+ Rxd8 32. h8=Q Bxh3 33. Qxh3 Nb2 34. f5 Qd7 35. Qxc5+ Kb7 36. Qf3+ 1-0

[Event "*** Titled Tuesday Blitz"]
[Site "Chess.com"]
[Date "2019.03.05"]
[Round "2"]
[White "FMJoseHerrera"]
[Black "Gubajdullin"]
[Result "0-1"]
[WhiteElo "2509"]
[BlackElo "2472"]
[TimeControl "180+2"]
[EndTime "13:23:54 PST"]
[Termination "Gubajdullin won on time"]

1. Nf3 d5 2. g3 c6 3. Bg2 Nf6 4. O-O Bg4 5. d3 Nbd7 6. c3 e6 7. Qb3 Qb6 8. Be3 Qxb3 9. axb3 Bc5 10. Bf4 O-O 11. b4 Bb6 12. Nbd2 a5 13. bxa5 Bxa5 14. b4 Bb6 15. Nb3 Rfe8 16. h3 Bh5 17. g4 Bg6 18. Bg3 e5 19. Rxa8 Rxa8 20. Nxe5 Nxe5 21. Bxe5 Nd7 22.
Bd4 Ra3 23. Bxb6 Nxb6 24. Nc5 Na4 25. Nxa4 Rxa4 26. Rb1 h5 27. f4 hxg4 28. hxg4 f5 29. g5 Bh5 30. Kf2 Ra2 31. Bf3 Bxf3 32. Kxf3 Rc2 33.
b5 Rxc3 34. bxc6 bxc6 35. Ke3 c5 36. g6 d4+ 37. Kf3 Kf8 38. Rb7 c4 39. Rf7+ Ke8 40.
Rc7 cxd3 41. Ra7 d2+ 0-1

[Event "*** Titled Tuesday Blitz"]
[Site "Chess.com"]
[Date "2019.03.05"]
[Round "2"]
[White "DawidCzerw"]
[Black "marianokar"]
[Result "0-1"]
[WhiteElo "2258"]
[BlackElo "2431"]
[TimeControl "180+2"]
[EndTime "13:23:55 PST"]
[Termination "marianokar won by resignation"]

1. d4 Nf6 2. c4 e6 3. Nf3 d5 4.
g3 Be7 5. Bg2 O-O 6. O-O dxc4 7.
Qc2 b6 8. Ne5 Qxd4 9. Bxa8 Qxe5 10. Bg2 b5 11. Bf4 Qc5 12. Be3 Qh5 13. Bxa7 Na6 14. a4 Nb4 15. Qc1 Qxe2 16. Nc3 Qh5 17. Nxb5 Ng4 18. h3 Ne5 19. Nxc7 Nf3+ 20. Bxf3 Qxf3 21.
Qe3 Qc6 22. Nb5 Bb7 23. f3 Nc2 24. Qb6 Nxa1 25. Qxc6 Bxc6 26. Rxa1 Ra8 27. Kg2 e5 28. h4 f5 29. h5 Kf7 30. Kf1 Bxf3 31. Bf2 Bc6 32.
Nc3 Bb4 33. Kg1 Bf3 34. Kf1 Bxh5 35. Ke1 Bf3 36. Kf1 Bc6 37. Be1 g5 38. Rd1 Ke6 39. Ke2 f4 40. gxf4 gxf4 41. Bf2 Bxc3 42. bxc3 Rxa4 43. Rh1 Bxh1 0-1

[Event "*** Titled Tuesday Blitz"]
[Site "Chess.com"]
[Date "2019.03.05"]
[Round "2"]
[White "NeverEverForever1990"]
[Black "TST2014"]
[Result "0-1"]
[WhiteElo "2340"]
[BlackElo "2496"]
[TimeControl "180+2"]
[EndTime "13:23:57 PST"]
[Termination "TST2014 won by resignation"]

1. Nf3 Nf6 2. d4 g6 3. g3 Bg7 4.
Bg2 O-O 5. O-O d6 6. b3 c5 7.
c4 Nc6 8. Bb2 Ne4 9. Nbd2 Bf5 10. e3 Qa5 11. Nxe4 Bxe4 12. Qe2 cxd4 13. Nxd4 Bxg2 14. Kxg2 Nxd4 15. Bxd4 e5 16. Bb2 d5 17. cxd5 Qxd5+ 18. e4 Qa5 19. Rfd1 Rfd8 20. a3 Qb6 21. Rxd8+ Rxd8 22. Rd1 h5 23. Rd3 Kh7 24. Qd1 Rxd3 25. Qxd3 Qc6 26. Kf3 f5 27. Ke2 fxe4 28. Qc4 Qb6 29.
b4 e3 30. fxe3 Qf6 31. Qe4 Qf7 32. h3 Qa2 33. Qc2 e4 34. Qxe4 Qxb2+ 35. Kf3 Qf6+ 36.
Kg2 Qc6 37. Qxc6 bxc6 38. Kf3 a6 39. Ke4 Bb2 40. a4 Bc3 41. b5 cxb5 42. axb5 axb5 43. Kd5 b4 44. Kc4 Kg7 45. g4 h4 46. g5 Kf7 47.
e4 Ke6 48. Kb3 0-1

[Event "*** Titled Tuesday Blitz"]
[Site "Chess.com"]
[Date "2019.03.05"]
[Round "2"]
[White "GadimbayliA"]
[Black "SuperCheese"]
[Result "1-0"]
[WhiteElo "2857"]
[BlackElo "2625"]
[TimeControl "180+2"]
[EndTime "13:23:58 PST"]
[Termination "GadimbayliA won by resignation"]

1. e4 e6 2. d4 d5 3. Nd2 c5 4. Ngf3 cxd4 5. Nxd4 Nf6 6. exd5 Qxd5 7. Nb5 Na6 8. Nc3 Qd6 9. Be2 Bd7 10. Bf3 Bc6 11. O-O Be7 12. Nc4 Qc7 13. Bxc6+ Qxc6 14. Ne5 Qc5 15. Nd3 Qc6 16. Bf4 O-O 17. Ne5 Qb6 18. b3 Rac8 19. Qf3 Nb4 20. Na4 Qa6 21. c4 Rfd8 22. Qe2 Qa5 23. Rfe1 Nc6 24. Nxc6 Rxc6 25.
Rad1 Rcc8 26. h3 h6 27. Bd2 Bb4 28. Bxb4 Qxb4 29. Qb2 a6 30. a3 Qa5 31. Qc3 Qc7 32. Qb4 Nd7 33. Qe7 b5 34. Nb2 Qc6 35. Rd6 Qc7 36. Red1 Qc5 37. b4 Qe5 38. Rxd7 Re8 39.
Qxf7+ Kh8 40. Nd3 Qc3 41. Nf4 Rf8 42. Ng6+ Kh7 43. Nxf8+ Rxf8 44. Qxf8 1-0

[Event "*** Titled Tuesday Blitz"]
[Site "Chess.com"]
[Date "2019.03.05"]
[Round "2"]
[White "BillForster"]
[Black "NM2019"]
[Result "0-1"]
[WhiteElo "1719"]
[BlackElo "2080"]
[TimeControl "180+2"]
[EndTime "13:23:58 PST"]
[Termination "NM2019 won by resignation"]

1. d4 c5 2. d5 b5 3. e4 a6 4. Nf3 d6 5. Be2 Nf6 6. Nbd2 e6 7. O-O exd5 8. exd5 Bb7 9. c4 bxc4 10. Bxc4 Be7 11.
Re1 O-O 12. Ne4 Nbd7 13. Bf4 Nb6 14. Nxf6+ Bxf6 15. Bd3 Nxd5 16. Bg3 Nb4 17. Bf5 g6 18. Bh3 d5 19. a3 Nc6 20. Qc2 c4 21. Rad1 Na5 22.
Nd4 Bc8 23. Bxc8 Rxc8 24. Re2 Qb6 25. Be5 Rfd8 26. Bxf6 Qxf6 27. Qd2 Nb3 28. Nxb3 cxb3 29. Qa5 Rc2 30. Rde1 Rf8 31. Rxc2 bxc2 32. Qxa6 Qxb2 33. Qe2 c1=Q 0-1

[Event "*** Titled Tuesday Blitz"]
[Site "Chess.com"]
[Date "2019.03.05"]
[Round "2"]
[White "ahkashefi2800"]
[Black "JSMastropiero"]
[Result "1-0"]
[WhiteElo "2235"]
[BlackElo "2251"]
[TimeControl "180+2"]
[EndTime "13:23:59 PST"]
[Termination "ahkashefi2800 won by checkmate"]

1. d4 Nf6 2. Nf3 d5 3. Bf4 e6 4. e3 Bd6 5. Bg3 O-O 6. Nbd2 c5 7. c3 b6 8. Bd3 Bb7 9. O-O Nc6 10. Ne5 Ne7 11. f4 Nf5 12. Bf2 Be7 13. Qf3 Nd6 14. Ng4 Nfe4 15. Rad1 Rc8 16. Bg3 c4 17. Bb1 b5 18.
Nf2 f5 19. Nfxe4 dxe4 20. Qe2 Bd5 21. Be1 a5 22. g4 Rb8 23. g5 b4 24. h4 a4 25.
cxb4 Rxb4 26. b3 axb3 27. Nxb3 Nb5 28. Bxb4 Bxb4 29. Nc5 Nc3 30. Qb2 Nxd1 31. Rxd1 Bxc5 32.
dxc5 Qc7 33. h5 Qxc5 34. Qc3 Qe7 35. a4 Rb8 36. Ba2 Qb4 37. Qe5 Rc8 38. h6 Qe7 39. Kf2 Qc7 40. Qc3 e5 41. Rxd5 exf4 42. Bxc4 fxe3+ 43.
Kg2 Qxc4 44. Qxg7# 1-0

[Event "*** Titled Tuesday Blitz"]
[Site "Chess.com"]
[Date "2019.03.05"]
[Round "2"]
[White "Man-Chuk"]
[Black "TrickyTrapChess"]
[Result "1-0"]
[WhiteElo "2770"]
[BlackElo "2304"]
[TimeControl "180+2"]
[EndTime "13:23:59 PST"]
[Termination "Man-Chuk won by checkmate"]

1. Nf3 c5 2. g3 g6 3. Bg2 Bg7 4.
O-O Nc6 5. c4 e6 6. Nc3 Nge7 7.
d4 cxd4 8. Nb5 d5 9. cxd5 Nxd5 10. Nfxd4 Nxd4 11. Nxd4 O-O 12. e4 Qb6 13. Nb3 Nb4 14. Be3 Qb5 15. a4 Qc4 16. Rc1 Qa6 17. Bc5 Qxa4 18. Bxf8 Bxf8 19. Nd4 Qa6 20. Qb3 Nd3 21.
Ra1 Nc5 22. Qc3 Qb6 23. e5 Bd7 24. b4 Na6 25. b5 Nc7 26. Rfb1 Bc5 27. Ra4 a6 28.
Rc4 axb5 29. Rxc5 Na6 30. Rcxb5 Qd8 31. Rxb7 Rc8 32. Qd2 Nc5 33. Ra7 Be8 34. Nf3 Bd7 35. Qh6 Qe8 36. Ng5 Bc6 37. Qxh7+ Kf8 38. Qh8# 1-0